[Event "2nd Gujarat Open 2019"]
[Site "Ahmedabad, Gujarat"]
[Date "2019.09.22"]
[Round "?"]
[White "Joshi, Deergha Raj"]
[Black "Himanshu, Sharma"]
[Result "0-1"]
[ECO "B34"]
[WhiteElo "1799"]
[BlackElo "2408"]
[Annotator "NA"]
[PlyCount "62"]
[EventDate "2019.09.22"]
[EventCountry "IND"]
[SourceTitle "playchess.com"]
[Source "ChessBase"]
[SourceQuality "1"]
[TimeControl "5400+30"]

1. e4 g6 2. Nf3 Bg7 3. Be2 c5 4. d4 cxd4 5. Nxd4 Nc6 6. Nf3 Nf6 7. Nc3 O-O 8. O-O a6 9. h3 d6 10. Be3 b5 11. a3 Bb7 12. Bd3 d5 13. exd5 Nxd5 14. Nxd5 Qxd5 15. Rb1 Rad8 16. Qc1 e5 17. Rd1 e4 18. Be2 Qe6 19. Rxd8 Rxd8 20. Ng5 Qe7 21. h4 h6 22. Nh3 Qxh4 23. Bf1 Ne5 24. Bf4 Qh5 25. Bg3 Qf5 26. Qe3 g5 27. Bxe5 Qxe5 28. c4 Qf5 29. Qb6 Rd7 30. Qe3 Bd4 31. Qg3 Be5 0-1

[Event "2nd Gujarat Open 2019"]
[Site "Ahmedabad, Gujarat"]
[Date "2019.09.22"]
[Round "?"]
[White "Akshit Jha"]
[Black "Murshed, Niaz"]
[Result "1/2-1/2"]
[ECO "B49"]
[WhiteElo "1789"]
[BlackElo "2405"]
[Annotator "NA"]
[PlyCount "64"]
[EventDate "2019.09.22"]
[EventCountry "IND"]
[SourceTitle "playchess.com"]
[Source "ChessBase"]
[SourceQuality "1"]
[TimeControl "5400+30"]

1. e4 c5 2. Nf3 Nc6 3. d4 cxd4 4. Nxd4 Qc7 5. Be3 e6 6. Be2 Nf6 7. Nc3 a6 8. O-O Bb4 9. Na4 Be7 10. Nxc6 bxc6 11. Nb6 Rb8 12. Nxc8 Qxc8 13. e5 Nd5 14. Bc1 Bc5 15. c4 Ne7 16. Kh1 Qc7 17. f4 h5 18. b3 h4 19. Bg4 g6 20. Qd3 Qa7 21. Bb2 Nf5 22. Bxf5 gxf5 23. Rf3 a5 24. Rd1 a4 25. Qc2 axb3 26. axb3 Qb6 27. Rfd3 Rb7 28. Qd2 Bb4 29. Qe2 Bc5 30. Qd2 Bb4 31. Qe2 Ra7 32. Bd4 c5 1/2-1/2

[Event "2nd Gujarat Open 2019"]
[Site "Ahmedabad, Gujarat"]
[Date "2019.09.22"]
[Round "?"]
[White "Abhirami Madabushi"]
[Black "Eraschenkov, Denis"]
[Result "0-1"]
[ECO "A48"]
[WhiteElo "1786"]
[BlackElo "2390"]
[Annotator "NA"]
[PlyCount "94"]
[EventDate "2019.09.22"]
[EventCountry "IND"]
[SourceTitle "playchess.com"]
[Source "ChessBase"]
[SourceQuality "1"]
[TimeControl "5400+30"]

1. d4 Nf6 2. Nf3 g6 3. Bf4 Bg7 4. Nbd2 d6 5. e4 O-O 6. Bd3 Nbd7 7. Qe2 Nh5 8. Be3 e5 9. dxe5 dxe5 10. O-O-O Nf4 11. Bxf4 exf4 12. Kb1 Qe7 13. h4 Nc5 14. h5 Nxd3 15. Qxd3 Rd8 16. Qe2 Bg4 17. hxg6 hxg6 18. Qc4 Be6 19. Qb5 c5 20. Nb3 b6 21. a4 g5 22. a5 g4 23. Nfd2 a6 24. Qxb6 c4 25. Qc5 Qd7 26. Nc1 Rac8 27. Qg5 Qb5 28. Qxb5 axb5 29. Na2 Ra8 30. Nb4 Rd7 31. a6 Bf8 32. Nc6 Rd6 33. Nb4 Rxd2 34. Rxd2 Bxb4 35. c3 Be7 36. Rh5 Rxa6 37. Rxb5 Kg7 38. f3 gxf3 39. gxf3 Ra8 40. Kc2 Rh8 41. Rg2+ Kf6 42. Kd1 Rd8+ 43. Rd2 Rg8 44. Rb7 Rg1+ 45. Kc2 Bc5 46. Rb5 Be3 47. Rd1 Rg2+ {[%emt 0:00:00] Kc1 Rf2+} 0-1

[Event "2nd Gujarat Open 2019"]
[Site "Ahmedabad, Gujarat"]
[Date "2019.09.22"]
[Round "?"]
[White "Rohnit G Amin"]
[Black "Manik, Mikulas"]
[Result "1/2-1/2"]
[ECO "E73"]
[WhiteElo "1772"]
[BlackElo "2375"]
[Annotator "NA"]
[PlyCount "88"]
[EventDate "2019.09.22"]
[EventCountry "IND"]
[SourceTitle "playchess.com"]
[Source "ChessBase"]
[SourceQuality "1"]
[TimeControl "5400+30"]

1. d4 Nf6 2. c4 g6 3. Nc3 Bg7 4. e4 d6 5. Be2 O-O 6. Be3 e5 7. d5 a5 8. h4 Na6 9. h5 Nc5 10. Bf3 Bd7 11. Qd2 c6 12. Rd1 cxd5 13. exd5 e4 14. Be2 Ng4 15. h6 Bh8 16. Bxc5 dxc5 17. Nxe4 Qe7 18. f3 f5 19. d6 Qe5 20. fxg4 fxe4 21. Qd5+ Qxd5 22. Rxd5 Bd4 23. Nh3 b6 24. Ng5 Bxb2 25. Rh3 Bd4 26. Rb3 Ba4 27. Ne6 Bxb3 28. axb3 Rf6 29. d7 Rxe6 30. d8=Q+ Rxd8 31. Rxd8+ Kf7 32. Rd7+ Kf6 33. Rxh7 Kg5 34. g3 e3 35. Bf3 e2 36. Bxe2 Re3 37. Rb7 Rxb3 38. h7 Rxg3 39. Rxb6 a4 40. Ra6 a3 41. Kd2 Kf4 42. Bd3 Rg2+ 43. Be2 Rh2 44. Rxa3 Rxh7 1/2-1/2

[Event "2nd Gujarat Open 2019"]
[Site "Ahmedabad, Gujarat"]
[Date "2019.09.22"]
[Round "?"]
[White "Shah, Vishwa"]
[Black "Siddharth, Jagadeesh"]
[Result "0-1"]
[ECO "B12"]
[WhiteElo "1760"]
[BlackElo "2362"]
[Annotator "NA"]
[PlyCount "116"]
[EventDate "2019.09.22"]
[EventCountry "IND"]
[SourceTitle "playchess.com"]
[Source "ChessBase"]
[SourceQuality "1"]
[TimeControl "5400+30"]

1. e4 c6 2. d4 d5 3. e5 Bf5 4. Nf3 e6 5. Be2 Nd7 6. O-O Bg6 7. Nbd2 Nh6 8. Nb3 Nf5 9. Bd2 Be7 10. g4 Nh6 11. Ne1 O-O 12. f4 Be4 13. Be3 f5 14. exf6 Bxf6 15. Bd3 Bxd3 16. Nxd3 Nf7 17. g5 Be7 18. Qg4 Re8 19. Rae1 b6 20. Bf2 Nf8 21. Ne5 Nxe5 22. Rxe5 Bd6 23. Re2 Qc7 24. Bg3 c5 25. c3 a5 26. Nd2 cxd4 27. cxd4 a4 28. a3 b5 29. Rfe1 Rab8 30. Nf1 Qd7 31. Ne3 Bc7 32. f5 Bxg3 33. Qxg3 exf5 34. Nxf5 Rxe2 35. Rxe2 Re8 36. Rxe8 Qxe8 37. Qe5 Qxe5 38. dxe5 Ng6 39. e6 Nf4 40. e7 Kf7 41. Nxg7 Kxe7 42. Nf5+ Ke6 43. Nd4+ Ke5 44. Nxb5 Nd3 45. Kf1 Nxb2 46. Ke2 Ke4 47. h4 d4 48. Nxd4 Kxd4 49. h5 Nd3 50. Kf3 Kd5 51. Ke3 Ne5 52. Kf4 Ke6 53. Ke4 Nc4 54. Kd4 Nxa3 55. g6 hxg6 56. hxg6 Kf6 57. Kc3 Nb5+ 58. Kb4 a3 0-1

[Event "2nd Gujarat Open 2019"]
[Site "Ahmedabad, Gujarat"]
[Date "2019.09.22"]
[Round "?"]
[White "Sibi Srinivas Einstein"]
[Black "Sidhant, Mohapatra"]
[Result "0-1"]
[ECO "D37"]
[WhiteElo "1751"]
[BlackElo "2357"]
[Annotator "NA"]
[PlyCount "138"]
[EventDate "2019.09.22"]
[EventCountry "IND"]
[SourceTitle "playchess.com"]
[Source "ChessBase"]
[SourceQuality "1"]
[TimeControl "5400+30"]

1. d4 Nf6 2. c4 e6 3. Nf3 d5 4. Nc3 a6 5. cxd5 exd5 6. Bg5 Be6 7. Qc2 Nbd7 8. e3 Rc8 9. Bd3 Bd6 10. O-O h6 11. Bxf6 Nxf6 12. e4 dxe4 13. Nxe4 O-O 14. a3 a5 15. Rfe1 Bd5 16. Nxf6+ Qxf6 17. Be4 Bxe4 18. Rxe4 Rfd8 19. Qe2 c6 20. Re1 Bf8 21. g3 Rd5 22. Kg2 c5 23. Rc1 b6 24. dxc5 Rdxc5 25. Rxc5 Bxc5 26. Re8+ Rxe8 27. Qxe8+ Kh7 28. b4 Be7 29. Qb5 axb4 30. axb4 Qd6 31. Qf5+ Kg8 32. b5 g6 33. Qc8+ Kg7 34. Qc4 Qf6 35. Nd2 Qe5 36. Nf3 Qb2 37. Nd4 Bc5 38. Ne2 Kg8 39. Qd3 Qa2 40. Kf3 Qa8+ 41. Qe4 Qxe4+ 42. Kxe4 Bxf2 43. Kd5 f5 44. Nf4 Kf7 45. Kc6 Bg1 46. Ne2 Be3 47. Nc3 g5 48. Kd5 Kg6 49. Ke5 Bg1 50. Nd5 Bc5 51. Ke6 h5 52. Ke5 Bg1 53. Ne7+ Kf7 54. Nxf5 Bxh2 55. Kd5 Kg6 56. Ke6 g4 57. Ne7+ Kg5 58. Nf5 Bxg3 59. Nxg3 h4 60. Ne4+ Kf4 61. Nc3 h3 62. Nd5+ Kf3 63. Nxb6 h2 64. Nd5 h1=Q 65. b6 Qh6+ 66. Kd7 Qg7+ 67. Kc6 g3 68. b7 Qg8 69. Kc7 Qxd5 0-1

[Event "2nd Gujarat Open 2019"]
[Site "Ahmedabad, Gujarat"]
[Date "2019.09.22"]
[Round "?"]
[White "Ananmay Sharma"]
[Black "Neelash Saha"]
[Result "0-1"]
[ECO "D00"]
[WhiteElo "1734"]
[BlackElo "2334"]
[Annotator "NA"]
[PlyCount "56"]
[EventDate "2019.09.22"]
[EventCountry "IND"]
[SourceTitle "playchess.com"]
[Source "ChessBase"]
[SourceQuality "1"]
[TimeControl "5400+30"]

1. d4 Nf6 2. Bf4 d5 3. e3 c5 4. c3 Nc6 5. Nd2 Bf5 6. Qb3 Qc8 7. Ngf3 c4 8. Qd1 h6 9. b3 b5 10. a4 b4 11. bxc4 bxc3 12. Nb3 Nb4 13. Rc1 Na2 14. Ra1 c2 15. Qd2 Qb7 16. Nc1 Nxc1 17. Qxc1 e5 18. Nxe5 Bb4+ 19. Ke2 Bc3 20. g4 Bb2 21. Qe1 Bxa1 22. Qxa1 dxc4 23. Bh3 Bd3+ 24. Nxd3 cxd3+ 25. Kxd3 Rc8 26. g5 Qa6+ 27. Kd2 Ne4+ 28. Kc1 Qd3 0-1

[Event "2nd Gujarat Open 2019"]
[Site "Ahmedabad, Gujarat"]
[Date "2019.09.22"]
[Round "?"]
[White "Kukreja Sankalp"]
[Black "Rathnakaran, K.."]
[Result "0-1"]
[ECO "C02"]
[WhiteElo "1719"]
[BlackElo "2325"]
[Annotator "NA"]
[PlyCount "72"]
[EventDate "2019.09.22"]
[EventCountry "IND"]
[SourceTitle "playchess.com"]
[Source "ChessBase"]
[SourceQuality "1"]
[TimeControl "5400+30"]

1. e4 e6 2. d4 d5 3. e5 c5 4. c3 Nc6 5. Nf3 Bd7 6. Be2 f6 7. O-O Qc7 8. Re1 fxe5 9. Nxe5 Nxe5 10. dxe5 O-O-O 11. Bf4 Ne7 12. Bd3 h6 13. Bg3 g5 14. Nd2 Bg7 15. Qe2 Rdf8 16. c4 d4 17. a3 h5 18. h3 Bc6 19. Be4 Nf5 20. Bxc6 Qxc6 21. Ne4 Nxg3 22. Nxg3 g4 23. hxg4 hxg4 24. Qxg4 Bh6 25. Qe4 Qd7 26. b4 Bd2 27. Red1 Bc3 28. Rab1 cxb4 29. axb4 Qg7 30. c5 Qh6 31. Qg4 Rf4 32. Qh3 Rh4 33. Nf5 exf5 34. Qxf5+ Kb8 35. g3 Rf4 36. Qxf4 Qh1# 0-1

[Event "2nd Gujarat Open 2019"]
[Site "Ahmedabad, Gujarat"]
[Date "2019.09.22"]
[Round "?"]
[White "Akira Sowmyanath"]
[Black "Bharat Kumar Reddy Poluri"]
[Result "0-1"]
[ECO "C01"]
[WhiteElo "1717"]
[BlackElo "2304"]
[Annotator "NA"]
[PlyCount "82"]
[EventDate "2019.09.22"]
[EventCountry "IND"]
[SourceTitle "playchess.com"]
[Source "ChessBase"]
[SourceQuality "1"]
[TimeControl "5400+30"]

1. e4 e6 2. d4 d5 3. exd5 exd5 4. Nf3 Nf6 5. Bd3 c5 6. O-O c4 7. Re1+ Be7 8. Bf1 O-O 9. h3 Nc6 10. Bf4 Bf5 11. c3 Re8 12. g4 Be6 13. Nbd2 b5 14. b4 a5 15. a3 Nd7 16. Ne5 Ndxe5 17. Bxe5 Nxe5 18. Rxe5 Bd6 19. Re1 h5 20. Bg2 hxg4 21. hxg4 Qh4 22. Nf3 Qxg4 23. Ne5 Qg5 24. Qc1 Qh4 25. Nf3 Qf4 26. Ne5 Qf5 27. Qb1 Qxb1 28. Rexb1 axb4 29. axb4 Bc7 30. f4 g6 31. Re1 Kg7 32. Kf2 Bd6 33. Kf3 Bf5 34. Kg3 f6 35. Nc6 Rxe1 36. Rxa8 Re3+ 37. Kf2 Rxc3 38. Ra7+ Kh6 39. Bxd5 Bxf4 40. Rf7 Rc2+ 41. Kf3 Kg5 0-1

[Event "2nd Gujarat Open 2019"]
[Site "Ahmedabad, Gujarat"]
[Date "2019.09.22"]
[Round "?"]
[White "Alekhya Mukhopadhyay"]
[Black "Srija, Seshadri"]
[Result "0-1"]
[ECO "A01"]
[WhiteElo "1706"]
[BlackElo "2270"]
[Annotator "NA"]
[PlyCount "58"]
[EventDate "2019.09.22"]
[EventCountry "IND"]
[SourceTitle "playchess.com"]
[Source "ChessBase"]
[SourceQuality "1"]
[TimeControl "5400+30"]

1. b3 e5 2. Bb2 Nc6 3. e3 g6 4. Nf3 Bg7 5. Bb5 Nge7 6. O-O O-O 7. d4 e4 8. Ne5 Nxe5 9. dxe5 d5 10. f4 exf3 11. Qxf3 a6 12. Bd3 Nc6 13. Qf4 Qe8 14. Nd2 Nxe5 15. Ba3 Ng4 16. Bxf8 Be5 17. Qb4 Bxa1 18. Be7 Bg7 19. Qc5 Bd7 20. h3 b6 21. Qa3 Nxe3 22. Re1 Bd4 23. Kh1 Bxh3 24. gxh3 Qd7 25. Re2 Qxh3+ 26. Rh2 Qg4 27. Qc1 Nd1 28. Rg2 Qh3+ 29. Rh2 Nf2+ 0-1

[Event "2nd Gujarat Open 2019"]
[Site "Ahmedabad, Gujarat"]
[Date "2019.09.22"]
[Round "?"]
[White "Kadam, Nikhil"]
[Black "Nikhil Magizhnan"]
[Result "1/2-1/2"]
[ECO "C02"]
[WhiteElo "1705"]
[BlackElo "2251"]
[Annotator "NA"]
[PlyCount "44"]
[EventDate "2019.09.22"]
[EventCountry "IND"]
[SourceTitle "playchess.com"]
[Source "ChessBase"]
[SourceQuality "1"]
[TimeControl "5400+30"]

1. e4 e6 2. d4 d5 3. e5 c5 4. Nf3 Nc6 5. Bd3 cxd4 6. O-O Nge7 7. Re1 Ng6 8. a3 a5 9. g3 Qc7 10. Qe2 Bc5 11. Nbd2 Nge7 12. Nf1 Bd7 13. Bd2 Rc8 14. h4 h6 15. N1h2 Rb8 16. h5 Rf8 17. Nh4 f5 18. Ng2 Kd8 19. Nh4 Ke8 20. Ng2 Kd8 21. Nh4 Ke8 22. Ng2 Kd8 1/2-1/2

[Event "2nd Gujarat Open 2019"]
[Site "Ahmedabad, Gujarat"]
[Date "2019.09.22"]
[Round "1"]
[White "Vasquez Schroeder, Rodrigo"]
[Black "Abhay Bandewar"]
[Result "1/2-1/2"]
[ECO "B94"]
[WhiteElo "2476"]
[BlackElo "1815"]
[Annotator "ChessBase"]
[PlyCount "67"]
[EventDate "2019.09.22"]
[EventCountry "IND"]
[SourceTitle "playchess.com"]
[Source "ChessBase"]
[SourceQuality "1"]
[TimeControl "5400+30"]

1. e4 c5 2. Nf3 d6 3. d4 cxd4 4. Nxd4 Nf6 5. Nc3 a6 6. Bg5 Nbd7 7. Bc4 Qa5 8. Qd2 b5 9. Bd5 Nxd5 10. Nxd5 Qxd2+ 11. Bxd2 Ra7 12. Nc6 Rb7 13. Na5 Rb8 14. Nc7+ Kd8 15. Nd5 Bb7 16. Nxb7+ Rxb7 17. O-O-O e6 18. Nb4 Nb8 19. Bf4 a5 20. Nd3 Kc8 21. b3 Na6 22. Nb2 Nc5 23. f3 Rd7 24. Rd2 Be7 25. Rhd1 Rhd8 26. c3 d5 27. exd5 exd5 28. Be3 Kb7 29. Kc2 Ne6 30. g3 Bf6 31. Bd4 Nxd4+ 32. cxd4 Rc8+ 33. Kd3 Re7 34. Rf1 1/2-1/2

[Event "2nd Gujarat Open 2019"]
[Site "Ahmedabad, Gujarat"]
[Date "2019.09.23"]
[Round "2.3"]
[White "Chanda, Sandipan"]
[Black "Anusha N L V"]
[Result "1-0"]
[ECO "D02"]
[WhiteElo "2529"]
[BlackElo "2081"]
[Annotator "ChessBase"]
[PlyCount "73"]
[EventDate "2019.09.22"]
[EventCountry "IND"]
[SourceTitle "playchess.com"]
[Source "ChessBase"]
[SourceQuality "1"]
[TimeControl "5400+30"]

1. d4 d5 2. Nf3 Nf6 3. Bf4 Bf5 4. e3 e6 5. c4 Bxb1 6. Rxb1 Bb4+ 7. Ke2 Bd6 8. g3 dxc4 9. Qa4+ Nbd7 10. Bg2 Nd5 11. Qxc4 Qe7 12. Bxd6 cxd6 13. Qb5 O-O 14. Qxb7 Rab8 15. Qa6 Rfc8 16. Nd2 N7f6 17. Rhc1 Qd7 18. a3 h6 19. Ke1 Rxc1+ 20. Rxc1 Rxb2 21. Qc8+ Qxc8 22. Rxc8+ Kh7 23. e4 Nb6 24. Rc7 Kg8 25. Rxa7 Ng4 26. a4 Nxf2 27. a5 Na4 28. a6 Nc3 29. Kxf2 Rxd2+ 30. Kf3 Rxd4 31. Rc7 Rd3+ 32. Kg4 Nb5 33. Rc8+ Kh7 34. Bf1 Na7 35. Rc7 Rd1 36. Be2 Rd2 37. Kf3 1-0

[Event "2nd Gujarat Open 2019"]
[Site "Ahmedabad, Gujarat"]
[Date "2019.09.23"]
[Round "2.11"]
[White "Deodhar, Vrushali Umesh"]
[Black "Karthikeyan, P.."]
[Result "0-1"]
[ECO "A31"]
[WhiteElo "2010"]
[BlackElo "2408"]
[Annotator "ChessBase"]
[PlyCount "144"]
[EventDate "2019.09.22"]
[EventCountry "IND"]
[SourceTitle "playchess.com"]
[Source "ChessBase"]
[SourceQuality "1"]
[TimeControl "5400+30"]

1. c4 c5 2. Nc3 Nf6 3. Nf3 Nc6 4. d4 cxd4 5. Nxd4 Qb6 6. Nc2 e6 7. e3 Be7 8. Be2 O-O 9. O-O Qc7 10. b3 b6 11. Bb2 Bb7 12. Nb5 Qb8 13. Bf3 d6 14. Qe2 a6 15. Nc3 Rc8 16. Rad1 Nd7 17. Nd4 b5 18. cxb5 Nxd4 19. Rxd4 Bxf3 20. Qxf3 Bf6 21. Rc4 axb5 22. Rxc8+ Qxc8 23. Rc1 Qa6 24. h3 b4 25. Na4 Bxb2 26. Nxb2 Qxa2 27. Rc7 Ne5 28. Qb7 Rf8 29. Nc4 Qxb3 30. Nxe5 dxe5 31. Qe4 Qd1+ 32. Kh2 Qd6 33. Rc6 Qd5 34. Qxd5 exd5 35. Rb6 Rd8 36. Rxb4 Kf8 37. Kg3 Ke7 38. Kf3 Ke6 39. Ra4 h5 40. g3 Rd7 41. Rb4 Kd6 42. Ke2 Ra7 43. Rb2 Kc5 44. Kd3 h4 45. Rc2+ Kd6 46. Ke2 hxg3 47. fxg3 g5 48. Rb2 e4 49. Kf2 Ke5 50. g4 Ra1 51. Rb7 Ra2+ 52. Kf1 f6 53. Rh7 Rh2 54. Rh8 Kd6 55. Rh6 Ke6 56. Rh7 Kd6 57. Ke1 Kc5 58. Rh6 Kc4 59. Rxf6 Rxh3 60. Ke2 Rg3 61. Rc6+ Kb5 62. Rc8 Rg2+ 63. Kf1 Rxg4 64. Kf2 Rh4 65. Kg2 Rh6 66. Rg8 Rf6 67. Rxg5 Kc4 68. Rg3 Kd3 69. Rg5 Ke2 70. Kg1 Rf1+ 71. Kg2 Rd1 72. Rg3 Rd3 0-1

[Event "2nd Gujarat Open 2019"]
[Site "Ahmedabad, Gujarat"]
[Date "2019.09.23"]
[Round "2.14"]
[White "Siddharth, Jagadeesh"]
[Black "Saranya, J."]
[Result "1-0"]
[ECO "E11"]
[WhiteElo "2362"]
[BlackElo "2022"]
[Annotator "ChessBase"]
[PlyCount "71"]
[EventDate "2019.09.22"]
[EventCountry "IND"]
[SourceTitle "playchess.com"]
[Source "ChessBase"]
[SourceQuality "1"]
[TimeControl "5400+30"]

1. d4 Nf6 2. c4 e6 3. g3 Nc6 4. Nf3 Bb4+ 5. Bd2 Qe7 6. Nc3 Bxc3 7. Bxc3 Ne4 8. Rc1 O-O 9. Bg2 d6 10. d5 Nxc3 11. Rxc3 Nb8 12. dxe6 fxe6 13. c5 d5 14. O-O c6 15. e4 Na6 16. Qd4 Rd8 17. Qe3 Qf6 18. Rd1 Bd7 19. e5 Qe7 20. Bf1 Nc7 21. Nd4 Ne8 22. b4 a5 23. b5 cxb5 24. Bxb5 Nc7 25. Bxd7 Qxd7 26. Rb1 Na6 27. Rb6 Nb4 28. Rxe6 Nxa2 29. Ra3 Nb4 30. Rd6 Qc7 31. Ne6 Qe7 32. Nxd8 Nc2 33. Qb3 Nxa3 34. Qxd5+ Kh8 35. Nf7+ Kg8 36. Rd7 1-0

[Event "2nd Gujarat Open 2019"]
[Site "Ahmedabad, Gujarat"]
[Date "2019.09.23"]
[Round "2.16"]
[White "Sidhant, Mohapatra"]
[Black "Arun Rathee"]
[Result "1/2-1/2"]
[ECO "D03"]
[WhiteElo "2357"]
[BlackElo "1959"]
[Annotator "ChessBase"]
[PlyCount "38"]
[EventDate "2019.09.22"]
[EventCountry "IND"]
[SourceTitle "playchess.com"]
[Source "ChessBase"]
[SourceQuality "1"]
[TimeControl "5400+30"]

1. d4 Nf6 2. Nf3 g6 3. Bg5 Bg7 4. Nbd2 d5 5. e3 O-O 6. c3 Nbd7 7. Bd3 Re8 8. O-O e5 9. dxe5 Nxe5 10. Nxe5 Rxe5 11. Bf4 Re8 12. h3 c6 13. Qc2 Be6 14. Rad1 Qb6 15. Rfe1 c5 16. b3 Rac8 17. c4 Qc6 18. Nf3 Red8 19. Ne5 Qe8 1/2-1/2

[Event "2nd Gujarat Open 2019"]
[Site "Ahmedabad, Gujarat"]
[Date "2019.09.23"]
[Round "2.19"]
[White "Pandey Srishti"]
[Black "Sahoo, Utkal Ranjan"]
[Result "0-1"]
[ECO "C27"]
[WhiteElo "1928"]
[BlackElo "2329"]
[Annotator "NA"]
[PlyCount "82"]
[EventDate "2019.09.22"]
[EventCountry "IND"]
[SourceTitle "playchess.com"]
[Source "ChessBase"]
[SourceQuality "1"]
[TimeControl "5400+30"]

1. e4 e5 2. Nc3 Nf6 3. Bc4 Nxe4 4. Qh5 Nd6 5. Bb3 Be7 6. Nf3 O-O 7. h4 g6 8. Qg4 Ne8 9. Qg3 c6 10. h5 d5 11. hxg6 fxg6 12. Nxe5 Bf6 13. d4 Bf5 14. Bh6 Ng7 15. Qh2 g5 16. O-O-O g4 17. f4 Na6 18. Ne2 Nc7 19. Ng3 Bxe5 20. dxe5 Qd7 21. Nh5 Nxh5 22. Bxf8 Rxf8 23. Qxh5 b5 24. Qh2 Ne6 25. g3 Nc5 26. Qf2 Ne4 27. Qe3 a5 28. a4 bxa4 29. Bxa4 Rb8 30. Rh6 Qb7 31. b3 Qb4 32. Rd4 Qa3+ 33. Kb1 Nc5 34. Qc1 Rxb3+ 35. Bxb3 Qxb3+ 36. Qb2 Bxc2+ 37. Kc1 Be4 38. Rd2 Qc4+ 39. Rc2 Qf1+ 40. Kd2 Qf2+ 41. Kd1 Bf3+ 0-1

[Event "2nd Gujarat Open 2019"]
[Site "Ahmedabad, Gujarat"]
[Date "2019.09.23"]
[Round "2.20"]
[White "Rathnakaran, K.."]
[Black "Kshatriya Nitin Vekhande"]
[Result "1-0"]
[ECO "B50"]
[WhiteElo "2325"]
[BlackElo "1926"]
[Annotator "ChessBase"]
[PlyCount "63"]
[EventDate "2019.09.22"]
[EventCountry "IND"]
[SourceTitle "playchess.com"]
[Source "ChessBase"]
[SourceQuality "1"]
[TimeControl "5400+30"]

1. e4 c5 2. Nf3 d6 3. c3 Nf6 4. Be2 Nc6 5. d4 cxd4 6. cxd4 Nxe4 7. d5 Qa5+ 8. Nc3 Nxc3 9. bxc3 Ne5 10. O-O Nxf3+ 11. Bxf3 Bd7 12. Re1 g6 13. Bg5 Kd8 14. Qd4 Rg8 15. Qh4 f6 16. Qxh7 Rg7 17. Qh8 Kc7 18. Bh6 Rf7 19. Qg8 Bxh6 20. Qxf7 Qxc3 21. Rab1 Re8 22. Qxg6 Bd2 23. Rf1 Rh8 24. Qg7 Rh6 25. Qxe7 Bf4 26. Rxb7+ Kxb7 27. Qxd7+ Ka8 28. Qe8+ Kb7 29. Rb1+ Kc7 30. Qb8+ Kd7 31. Rb7+ Qc7 32. Rxc7# 1-0

[Event "2nd Gujarat Open 2019"]
[Site "Ahmedabad, Gujarat"]
[Date "2019.09.23"]
[Round "2.21"]
[White "Priyankara, Chamil"]
[Black "Pranav Vijay"]
[Result "0-1"]
[ECO "C22"]
[WhiteElo "1917"]
[BlackElo "2265"]
[Annotator "ChessBase"]
[PlyCount "52"]
[EventDate "2019.09.22"]
[EventCountry "IND"]
[SourceTitle "playchess.com"]
[Source "ChessBase"]
[SourceQuality "1"]
[TimeControl "5400+30"]

1. e4 e5 2. d4 exd4 3. Qxd4 Nc6 4. Qe3 Nf6 5. Nc3 Bb4 6. Bd2 O-O 7. O-O-O Re8 8. Qg3 Rxe4 9. a3 Rg4 10. Qe3 Ba5 11. h3 Rg6 12. Nf3 d5 13. Qe1 Be6 14. Rg1 Bxc3 15. Bxc3 Ne4 16. Bb5 Ne7 17. Be5 Nc6 18. Bxc6 bxc6 19. Nd2 Nf6 20. Nb3 Nd7 21. Bd4 a5 22. f4 h5 23. Nxa5 Ra6 24. Nb3 Ra4 25. Qe2 h4 26. Qf2 Bf5 0-1

[Event "2nd Gujarat Open 2019"]
[Site "Ahmedabad, Gujarat"]
[Date "2019.09.23"]
[Round "2.22"]
[White "Bharat Kumar Reddy Poluri"]
[Black "Adarsh Tripathi"]
[Result "1-0"]
[ECO "B74"]
[WhiteElo "2304"]
[BlackElo "1915"]
[Annotator "ChessBase"]
[PlyCount "61"]
[EventDate "2019.09.22"]
[EventCountry "IND"]
[SourceTitle "playchess.com"]
[Source "ChessBase"]
[SourceQuality "1"]
[TimeControl "5400+30"]

1. e4 c5 2. Nf3 d6 3. d4 cxd4 4. Nxd4 Nf6 5. Nc3 g6 6. Be2 Bg7 7. O-O O-O 8. Be3 Nc6 9. Nb3 Be6 10. f4 Qc8 11. h3 Rd8 12. Nd4 Nxd4 13. Bxd4 Bc4 14. Bd3 e5 15. fxe5 dxe5 16. Be3 Rd6 17. Bg5 Qc5+ 18. Kh2 b5 19. Qe2 Bxd3 20. cxd3 b4 21. Bxf6 Bxf6 22. Nd5 Bg5 23. Qg4 Rxd5 24. exd5 Bf4+ 25. g3 Bh6 26. Qc4 Qe3 27. d6 Rf8 28. d7 Bg5 29. Rae1 Qd2+ 30. Kh1 Qxb2 31. Rxf7 1-0

[Event "2nd Gujarat Open 2019"]
[Site "Ahmedabad, Gujarat"]
[Date "2019.09.23"]
[Round "2.25"]
[White "Aaditya Dhingra"]
[Black "Srihari L R"]
[Result "0-1"]
[ECO "B07"]
[WhiteElo "1880"]
[BlackElo "2283"]
[Annotator "ChessBase"]
[PlyCount "78"]
[EventDate "2019.09.22"]
[EventCountry "IND"]
[SourceTitle "playchess.com"]
[Source "ChessBase"]
[SourceQuality "1"]
[TimeControl "5400+30"]

1. e4 d6 2. d4 Nf6 3. f3 e5 4. Ne2 Nbd7 5. Be3 d5 6. exd5 Nxd5 7. Bf2 Bb4+ 8. c3 Be7 9. c4 N5f6 10. Nbc3 O-O 11. d5 Bc5 12. Bxc5 Nxc5 13. b4 Ncd7 14. Ng3 a5 15. a3 axb4 16. axb4 Rxa1 17. Qxa1 Qe7 18. Qb1 e4 19. Ncxe4 Nxe4 20. fxe4 f5 21. Be2 fxe4 22. Rf1 Nf6 23. Qb2 e3 24. Bf3 b6 25. Ke2 Ng4 26. Qd4 Nxh2 27. d6 Nxf3 28. Rxf3 Qxd6 29. Qxd6 cxd6 30. Rxf8+ Kxf8 31. Kxe3 Ke7 32. Kf4 Be6 33. Nf5+ Bxf5 34. Kxf5 d5 35. cxd5 Kd6 36. Ke4 b5 37. g4 h6 38. Kf5 Kxd5 39. Kg6 Ke5 0-1

[Event "2nd Gujarat Open 2019"]
[Site "Ahmedabad, Gujarat"]
[Date "2019.09.23"]
[Round "2.26"]
[White "Srija, Seshadri"]
[Black "Vedant Nitin vekhande"]
[Result "0-1"]
[ECO "B76"]
[WhiteElo "2270"]
[BlackElo "1894"]
[Annotator "ChessBase"]
[PlyCount "106"]
[EventDate "2019.09.22"]
[EventCountry "IND"]
[SourceTitle "playchess.com"]
[Source "ChessBase"]
[SourceQuality "1"]
[TimeControl "5400+30"]

1. e4 c5 2. Nf3 d6 3. d4 cxd4 4. Nxd4 Nf6 5. Nc3 g6 6. Be3 Bg7 7. f3 O-O 8. Qd2 Nc6 9. O-O-O d5 10. Qe1 e5 11. Nxc6 bxc6 12. exd5 Nxd5 13. Bc4 Be6 14. Ne4 Qc7 15. Bc5 Rfd8 16. g4 Nf4 17. Bd6 Qb6 18. Bxe6 Nxe6 19. c3 Rd7 20. g5 Rad8 21. h4 c5 22. Rh2 Rxd6 23. Nxd6 Rxd6 24. Rxd6 Qxd6 25. Qe4 Qa6 26. b3 h6 27. Qa8+ Bf8 28. gxh6 Kh7 29. h5 Bxh6+ 30. Kb2 gxh5 31. Qe4+ Kg8 32. Rxh5 Bg7 33. Rh1 Qd6 34. Rh2 Qd7 35. Qh7+ Kf8 36. Rg2 Bf6 37. Kc2 Ke7 38. Qe4 Qc7 39. Rg8 Bg5 40. Qg4 Bf6 41. Qe4 Nd8 42. f4 Qc6 43. Qd3 Qd6 44. Qe4 Qe6 45. Qe3 Qf5+ 46. Kb2 e4 47. Qe2 Nc6 48. Qb5 Kd6 49. b4 Bxc3+ 50. Ka3 cxb4+ 51. Ka4 Qxb5+ 52. Kxb5 e3 53. Re8 e2 0-1

[Event "2nd Gujarat Open 2019"]
[Site "Ahmedabad, Gujarat"]
[Date "2019.09.23"]
[Round "2.27"]
[White "Sparsh Khandelwal"]
[Black "Abu Sufian, Shakil"]
[Result "1-0"]
[ECO "B18"]
[WhiteElo "1868"]
[BlackElo "2255"]
[Annotator "ChessBase"]
[PlyCount "65"]
[EventDate "2019.09.22"]
[EventCountry "IND"]
[SourceTitle "playchess.com"]
[Source "ChessBase"]
[SourceQuality "1"]
[TimeControl "5400+30"]

1. e4 c6 2. d4 d5 3. Nc3 dxe4 4. Nxe4 Bf5 5. Ng3 Bg6 6. Nh3 Nf6 7. Nf4 e5 8. dxe5 Qa5+ 9. c3 Qxe5+ 10. Be2 Nbd7 11. O-O O-O-O 12. Qa4 Bc5 13. Re1 Rde8 14. Nxg6 hxg6 15. Bf4 Rh4 16. Bxe5 Rxa4 17. Bxf6 Nxf6 18. b4 Bd6 19. Bc4 Rxe1+ 20. Rxe1 Nd5 21. Ne4 Kd7 22. Bb3 Ra3 23. Rd1 b5 24. Bxd5 cxd5 25. Rxd5 Ke6 26. Rxd6+ Ke5 27. Rd4 f5 28. f4+ Kxf4 29. Nd6+ Ke5 30. Nxb5 Rxa2 31. h3 f4 32. Nc7 Ra1+ 33. Kh2 1-0